APP
BLUEFIELD BLUE JAYS @ BOSTON (APP) RED SOX
07/26/2044
 
TOP OF THE 1ST
Bluefield Blue Jays batting - Pitching for Boston (APP) Red Sox : RHP Jose Escobar
Pitching: RHP Jose Escobar
Batting: RHB Tokuji Kawabata 0-0: Called Strike
0-1: Ball
1-1: Foul Ball, location: 2F
1-2: Strikes out looking
Batting: RHB Jose Ontiveros 0-0: Called Strike
0-1: Ball
1-1: Swinging Strike
1-2: Ball
2-2: Ball
3-2: Ground out U3 (Groundball, 34, EV 108.8 MPH)
Batting: SHB Jack Andrews 0-0: Called Strike
0-1: Swinging Strike
0-2: Ball
1-2: Fly out, F2 (Popup, 23F, EV 85.6 MPH)
Top of the 1st over - 0 runs, 0 hits, 0 errors, 0 left on base; Bluefield 0 - Boston (APP) 0
BOTTOM OF THE 1ST
Boston (APP) Red Sox batting - Pitching for Bluefield Blue Jays : RHP Wade Diamond
Pitching: RHP Wade Diamond
Batting: LHB Stanislav Parusov 0-0: Called Strike
0-1: Foul Ball, location: 2F
0-2: Ball
1-2: Ball
2-2: Ball
3-2: Foul Ball, location: 2F
3-2: Base on Balls
Batting: RHB Matt Hinkle 0-0: Ball
1-0: Called Strike
1-1: Ball
Stanislav Parusov is caught stealing 2nd base 2-4
2-1: Foul Ball, location: 2F
2-2: Ground out 1-3 (Groundball, P, EV 75.6 MPH)
Batting: RHB Frank Sokolosky 0-0: Called Strike
0-1: Ball
1-1: Foul Ball, location: 2F
1-2: Fly out, F8 (Flyball, 8LS, EV 93.1 MPH)
Bottom of the 1st over - 0 runs, 0 hits, 0 errors, 0 left on base; Bluefield 0 - Boston (APP) 0
TOP OF THE 2ND
Bluefield Blue Jays batting - Pitching for Boston (APP) Red Sox : RHP Jose Escobar
Batting: SHB Ryan Chicoine 0-0: Ball
1-0: Called Strike
1-1: Foul Ball, location: 2F
1-2: Ball
2-2: Fly out, F8 (Flyball, 8LM, EV 93.1 MPH)
Batting: LHB Eddie Muniz 0-0: Foul Ball, location: 2F
0-1: Ball
1-1: DOUBLE (Line Drive, 7LS, EV 110.6 MPH)
Batting: RHB Mike Johnson 0-0: Called Strike
0-1: Foul Ball, location: 2F
0-2: Ball
1-2: DOUBLE (Line Drive, 5D, EV 111.9 MPH)
Eddie Muniz scores
Batting: RHB John Hering 0-0: Ball
1-0: Ball
2-0: Called Strike
2-1: Ball
3-1: Base on Balls
Batting: RHB Chris Martin 0-0: Called Strike
0-1: Foul Ball, location: 2F
0-2: Foul Ball, location: 2F
0-2: Ball
1-2: Foul Ball, location: 2F
1-2: Ball
2-2: Grounds out, U3 (Groundball, 3L, EV 89.4 MPH)
Mike Johnson to third
Batting: RHB Ed Swafford 0-0: Ball
1-0: Called Strike
1-1: Ball
2-1: Ground out 5-3 (Groundball, 56, EV 79.4 MPH)
Top of the 2nd over - 1 run, 2 hits, 0 errors, 2 left on base; Bluefield 1 - Boston (APP) 0
BOTTOM OF THE 2ND
Boston (APP) Red Sox batting - Pitching for Bluefield Blue Jays : RHP Wade Diamond
Batting: RHB William Lung 0-0: Ball
1-0: Ball
2-0: Called Strike
2-1: Foul Ball, location: 2F
2-2: Fly out, F9 (Line Drive, 9D, EV 88.1 MPH)
Batting: LHB Frank Olivo 0-0: Ball
1-0: Ball
2-0: Ball
3-0: Called Strike
3-1: Called Strike
3-2: Base on Balls
Batting: RHB John Doucette 0-0: Ball
1-0: Ball
2-0: Foul Ball, location: 2F
2-1: Foul Ball, location: 2F
2-2: Ball
3-2: Fielders Choice at 2nd, 3-6 (Groundball, 34S, EV 85.0 MPH)
Batting: RHB Dominique Paolozzi 0-0: Foul Ball, location: 2F
0-1: Called Strike
0-2: Ground out 5-3 (Groundball, 56S, EV 87.5 MPH)
Bottom of the 2nd over - 0 runs, 0 hits, 0 errors, 1 left on base; Bluefield 1 - Boston (APP) 0
TOP OF THE 3RD
Bluefield Blue Jays batting - Pitching for Boston (APP) Red Sox : RHP Jose Escobar
Batting: RHB Tokuji Kawabata 0-0: Ball
1-0: Foul Ball, location: 2F
1-1: Ball
2-1: Ball
3-1: Called Strike
3-2: Base on Balls
Batting: RHB Jose Ontiveros 0-0: Ball
1-0: Ball
2-0: Ball
3-0: Called Strike
3-1: Base on Balls
Tokuji Kawabata to second
Batting: SHB Jack Andrews 0-0: Called Strike
0-1: Called Strike
0-2: Strikes out swinging
Batting: SHB Ryan Chicoine 0-0: Called Strike
0-1: Ball
1-1: Ball
2-1: Called Strike
2-2: Strikes out swinging
Batting: LHB Eddie Muniz 0-0: Ball
1-0: SINGLE (Line Drive, 78S, EV 106.2 MPH)
Tokuji Kawabata to third
Jose Ontiveros to second
Runner from 3rd tries for Home, SAFE, throw by LF to home
Batting: RHB Mike Johnson 0-0: Ball
1-0: Foul Ball, location: 2F
1-1: SINGLE (Line Drive, 9S, EV 112.5 MPH)
Jose Ontiveros to third
Eddie Muniz to second
Runner from 3rd tries for Home, SAFE, throw by RF to home
Batting: RHB John Hering 0-0: Ball
1-0: Ball
2-0: Ball
3-0: Foul Ball, location: 2F
3-1: Base on Balls
Eddie Muniz to third
Mike Johnson to second
Batting: RHB Chris Martin 0-0: Ball
1-0: Fielders Choice at 2nd, 6-4 (Groundball, 6, EV 91.9 MPH)
Top of the 3rd over - 2 runs, 2 hits, 0 errors, 3 left on base; Bluefield 3 - Boston (APP) 0
BOTTOM OF THE 3RD
Boston (APP) Red Sox batting - Pitching for Bluefield Blue Jays : RHP Wade Diamond
Batting: RHB Rogelio Cervantes 0-0: Foul Ball, location: 2F
0-1: Ball
1-1: Ball
2-1: Ball
3-1: Called Strike
3-2: Base on Balls
Batting: RHB Joe Booth 0-0: Grounds into double play, 6-4-3 (Groundball, 6, EV 85.0 MPH)
Batting: LHB Stanislav Parusov 0-0: Ball
1-0: Ball
2-0: Ball
3-0: Called Strike
3-1: Base on Balls
Batting: RHB Matt Hinkle 0-0: Swinging Strike
0-1: Ball
1-1: Ball
2-1: Ball
3-1: Called Strike
3-2: Ground out 6-3 (Groundball, 6D, EV 84.4 MPH)
Bottom of the 3rd over - 0 runs, 0 hits, 0 errors, 1 left on base; Bluefield 3 - Boston (APP) 0
TOP OF THE 4TH
Bluefield Blue Jays batting - Pitching for Boston (APP) Red Sox : RHP Jose Escobar
Batting: RHB Ed Swafford 0-0: Ball
1-0: Ball
2-0: Called Strike
2-1: Ball
3-1: Foul Ball, location: 2F
3-2: Strikes out swinging
Batting: RHB Tokuji Kawabata 0-0: Ball
1-0: Called Strike
1-1: Foul Ball, location: 2F
1-2: Strikes out looking
Batting: RHB Jose Ontiveros 0-0: Foul Ball, location: 2F
0-1: Swinging Strike
0-2: Ball
1-2: Ground out 5-3 (Groundball, 56, EV 86.2 MPH)
Top of the 4th over - 0 runs, 0 hits, 0 errors, 0 left on base; Bluefield 3 - Boston (APP) 0
BOTTOM OF THE 4TH
Boston (APP) Red Sox batting - Pitching for Bluefield Blue Jays : RHP Wade Diamond
Batting: RHB Frank Sokolosky 0-0: Called Strike
0-1: Swinging Strike
0-2: SINGLE (Groundball, 4MD, EV 110.6 MPH)
Batting: RHB William Lung 0-0: Grounds into double play, 6-4-3 (Groundball, 6, EV 90.0 MPH)
Batting: LHB Frank Olivo 0-0: Ball
1-0: Ball
2-0: Foul Ball, location: 2F
2-1: Ball
3-1: Fly out, F8 (Line Drive, 89M, EV 106.9 MPH)
Bottom of the 4th over - 0 runs, 1 hit, 0 errors, 0 left on base; Bluefield 3 - Boston (APP) 0
TOP OF THE 5TH
Bluefield Blue Jays batting - Pitching for Boston (APP) Red Sox : RHP Jose Escobar
Pitching: LHP Eddie Contreras
Batting: SHB Jack Andrews 0-0: Called Strike
0-1: Called Strike
0-2: Ball
1-2: Ball
2-2: Strikes out swinging
Batting: SHB Ryan Chicoine 0-0: Ball
1-0: Ball
2-0: Ball
3-0: Called Strike
3-1: Base on Balls
Batting: LHB Eddie Muniz 0-0: Ball
Ryan Chicoine is caught stealing 2nd base 2-6
1-0: Called Strike
1-1: Called Strike
1-2: Foul Ball, location: 2F
1-2: Foul Ball, location: 2F
1-2: Ball
2-2: Ball
3-2: Strikes out looking
Top of the 5th over - 0 runs, 0 hits, 0 errors, 0 left on base; Bluefield 3 - Boston (APP) 0
BOTTOM OF THE 5TH
Boston (APP) Red Sox batting - Pitching for Bluefield Blue Jays : RHP Wade Diamond
Batting: RHB John Doucette 0-0: Called Strike
0-1: Called Strike
0-2: Ball
1-2: Fly out, F8 (Line Drive, 8LM, EV 89.4 MPH)
Batting: RHB Dominique Paolozzi 0-0: Foul Ball, location: 2F
0-1: Ground out 6-3 (Groundball, 6, EV 100.6 MPH)
Batting: RHB Rogelio Cervantes 0-0: Called Strike
0-1: Ground out 5-3 (Groundball, 5, EV 76.9 MPH)
Bottom of the 5th over - 0 runs, 0 hits, 0 errors, 0 left on base; Bluefield 3 - Boston (APP) 0
TOP OF THE 6TH
Bluefield Blue Jays batting - Pitching for Boston (APP) Red Sox : LHP Eddie Contreras
Batting: RHB Mike Johnson 0-0: Ground out 5-3 (Groundball, 5D, EV 102.5 MPH)
Batting: RHB John Hering 0-0: Ball
1-0: Ball
2-0: Called Strike
2-1: Foul Ball, location: 2F
2-2: Strikes out swinging
Batting: RHB Chris Martin 0-0: Ball
1-0: Ground out 6-3 (Groundball, 6, EV 110.0 MPH)
Top of the 6th over - 0 runs, 0 hits, 0 errors, 0 left on base; Bluefield 3 - Boston (APP) 0
BOTTOM OF THE 6TH
Boston (APP) Red Sox batting - Pitching for Bluefield Blue Jays : RHP Wade Diamond
Batting: RHB Joe Booth 0-0: Fly out, F8 (Line Drive, 8RD, EV 88.1 MPH)
Batting: LHB Stanislav Parusov 0-0: Foul Ball, location: 2F
0-1: Ball
1-1: Ball
2-1: Foul Ball, location: 2F
2-2: Foul Ball, location: 2F
2-2: Ball
3-2: SOLO HOME RUN (Flyball, 89XD, EV 106.2 MPH), Distance : 418 ft
Batting: RHB Matt Hinkle 0-0: Foul Ball, location: 2F
0-1: Ball
1-1: Foul Ball, location: 2F
1-2: Foul Ball, location: 2F
1-2: Foul Ball, location: 2F
1-2: Ball
2-2: Ball
3-2: Ground out 6-3 (Groundball, 6, EV 78.8 MPH)
Batting: RHB Frank Sokolosky 0-0: Ball
1-0: DOUBLE (Line Drive, 89D, EV 107.5 MPH)
Batting: RHB William Lung 0-0: Ball
1-0: Ground out 5-3 (Groundball, 5, EV 103.1 MPH)
Bottom of the 6th over - 1 run, 2 hits, 0 errors, 1 left on base; Bluefield 3 - Boston (APP) 1
TOP OF THE 7TH
Bluefield Blue Jays batting - Pitching for Boston (APP) Red Sox : LHP Eddie Contreras
Batting: RHB Ed Swafford 0-0: Called Strike
0-1: Foul Ball, location: 2F
0-2: Strikes out swinging
Batting: RHB Tokuji Kawabata 0-0: Ball
1-0: Swinging Strike
1-1: Fly out, F2 (Popup, 23F, EV 86.2 MPH)
Batting: RHB Jose Ontiveros 0-0: Ball
1-0: Foul Ball, location: 2F
1-1: Ball
2-1: Foul Ball, location: 2F
2-2: Strikes out swinging
Top of the 7th over - 0 runs, 0 hits, 0 errors, 0 left on base; Bluefield 3 - Boston (APP) 1
BOTTOM OF THE 7TH
Boston (APP) Red Sox batting - Pitching for Bluefield Blue Jays : RHP Wade Diamond
Now at 1B: Braydon Pinsent
Batting: LHB Frank Olivo 0-0: Called Strike
0-1: Ball
1-1: Swinging Strike
1-2: Ball
2-2: Foul Ball, location: 2F
2-2: Ball
3-2: Base on Balls
Batting: RHB John Doucette 0-0: Called Strike
0-1: Fielders Choice at 2nd, 5-4 (Groundball, 56S, EV 89.4 MPH)
Batting: RHB Dominique Paolozzi 0-0: Foul Ball, location: 2F
0-1: Ball
1-1: Fielders Choice at 2nd, 5-4 (Groundball, 56, EV 93.8 MPH)
Batting: RHB Rogelio Cervantes 0-0: Ball
1-0: Swinging Strike
1-1: Foul Ball, location: 2F
1-2: Ball
2-2: Ball
3-2: Base on Balls
Dominique Paolozzi to second
Pitching: RHP Jose Ramos
Pinch Hitting: SHB Eric Evans 0-0: Ball
1-0: Ball
2-0: Called Strike
2-1: Called Strike
2-2: Ball
3-2: Strikes out looking
Bottom of the 7th over - 0 runs, 0 hits, 0 errors, 2 left on base; Bluefield 3 - Boston (APP) 1
TOP OF THE 8TH
Bluefield Blue Jays batting - Pitching for Boston (APP) Red Sox : LHP Eddie Contreras
Pitching: RHP Victor Escobar
Now in LF: William Lung
Now in CF: Matt Hinkle
Now in RF: Eric Evans
Batting: SHB Jack Andrews 0-0: Ball
1-0: Ball
2-0: Ground out 5-3 (Groundball, 56, EV 93.1 MPH)
Batting: SHB Ryan Chicoine 0-0: Foul Ball, location: 2F
0-1: Foul Ball, location: 2F
0-2: SINGLE (Line Drive, 7LS, EV 92.5 MPH)
Batting: LHB Eddie Muniz 0-0: Ball
Ryan Chicoine steals 2nd, throwing error, E2
Ryan Chicoine to third
1-0: Called Strike
1-1: Ball
2-1: Foul Ball, location: 2F
2-2: Fly out, F7 (Flyball, 78S, EV 91.9 MPH)
Batting: RHB Mike Johnson 0-0: Called Strike
0-1: Ball
1-1: Called Strike
1-2: Foul Ball, location: 2F
1-2: Hit by Pitch
Batting: RHB Braydon Pinsent 0-0: Swinging Strike
0-1: Swinging Strike
0-2: Strikes out looking
Top of the 8th over - 0 runs, 1 hit, 1 error, 2 left on base; Bluefield 3 - Boston (APP) 1
BOTTOM OF THE 8TH
Boston (APP) Red Sox batting - Pitching for Bluefield Blue Jays : RHP Jose Ramos
Pitching: RHP Joe Spencer
Now in RF: Rich Cracchiolo
Batting: LHB Stanislav Parusov 0-0: Foul Ball, location: 2F
0-1: Ball
1-1: Foul Ball, location: 2F
1-2: Ball
2-2: Foul Ball, location: 2F
2-2: SINGLE (Line Drive, 4MD, EV 106.2 MPH)
Batting: RHB Matt Hinkle 0-0: Ball
1-0: Ball
2-0: Ball
3-0: Called Strike
3-1: Called Strike
3-2: 2-RUN HOME RUN (Flyball, 7LD, EV 92.5 MPH), Distance : 347 ft
Batting: RHB Frank Sokolosky 0-0: SINGLE (Line Drive, 6D, EV 98.1 MPH)
Batting: RHB William Lung 0-0: Ball
1-0: Fly out, F2 (Popup, 23F, EV 88.8 MPH)
Batting: LHB Frank Olivo 0-0: Swinging Strike
0-1: Ball
1-1: Foul Ball, location: 2F
1-2: Foul Ball, location: 2F
1-2: Ball
2-2: Ball
Frank Sokolosky steals 2nd base
3-2: SINGLE (Groundball, 6MD, EV 100.0 MPH)
Frank Sokolosky to third
Pitching: LHP Dylan Batstone
Batting: RHB John Doucette 0-0: Ground out 3-1 (Groundball, 34S, EV 85.6 MPH)
Frank Olivo to second
Batting: RHB Dominique Paolozzi 0-0: Ball
1-0: Called Strike
1-1: Called Strike
1-2: Foul Ball, location: 2F
1-2: Foul Ball, location: 2F
1-2: Foul Ball, location: 2F
1-2: Strikes out swinging
Bottom of the 8th over - 2 runs, 4 hits, 0 errors, 2 left on base; Bluefield 3 - Boston (APP) 3
TOP OF THE 9TH
Bluefield Blue Jays batting - Pitching for Boston (APP) Red Sox : RHP Victor Escobar
Pitching: RHP Juan Mejia
Batting: RHB Chris Martin 0-0: Ball
1-0: Swinging Strike
1-1: Called Strike
1-2: Foul Ball, location: 2F
1-2: Ball
2-2: Ball
3-2: Strikes out looking
Batting: RHB Ed Swafford 0-0: Swinging Strike
0-1: Ball
1-1: Ball
2-1: Ball
3-1: Foul Ball, location: 2F
3-2: Strikes out looking
Batting: RHB Tokuji Kawabata 0-0: Ball
1-0: Swinging Strike
1-1: Called Strike
1-2: Ball
2-2: Foul Ball, location: 2F
2-2: Fly out, F4 (Popup, 4, EV 55.6 MPH)
Top of the 9th over - 0 runs, 0 hits, 0 errors, 0 left on base; Bluefield 3 - Boston (APP) 3
BOTTOM OF THE 9TH
Boston (APP) Red Sox batting - Pitching for Bluefield Blue Jays : LHP Dylan Batstone
Pitching: RHP Dave Kurtz
Batting: RHB Rogelio Cervantes 0-0: Called Strike
0-1: Called Strike
0-2: Foul Ball, location: 2F
0-2: Reached on error, E3 (Groundball, 34, EV 98.1 MPH)
Batting: SHB Eric Evans 0-0: Called Strike
0-1: Ball
1-1: Foul Ball, location: 2F
1-2: Foul Ball, location: 2F
1-2: Foul Ball, location: 2F
1-2: Ball
2-2: Ground out 4-3 (Groundball, 4, EV 108.1 MPH)
Rogelio Cervantes to third
Batting: LHB Stanislav Parusov 0-0: Ball
1-0: Foul Ball, location: 2F
1-1: Foul Ball, location: 2F
1-2: SINGLE (Groundball, 56, EV 98.1 MPH)
Rogelio Cervantes scores
Bottom of the 9th over - 1 run, 1 hit, 1 error, 0 left on base; Bluefield 3 - Boston (APP) 4
Game Over ... Boston (APP) defeats Bluefield, 4 to 3
Thursday, March 31st , 2022 - OOTP Baseball 22.12 Build 89